 Dungeon Crawl Stone Soup version 0.30-a0-304-gdc4b735fe1 (webtiles) character file.

Game seed: 5132459485559541816

132 IdlyInterested the Trooper (level 4, -9/35 HPs)
             Began as a Demonspawn Wanderer on Oct 20, 2022.
             Killed by nerve-wracking pain
             ... invoked by Menkaure
              (14 damage)
             ... on level 4 of the Dungeon.
             The game lasted 00:08:29 (2555 turns).

IdlyInterested the Trooper (Demonspawn Wanderer)    Turns: 2555, Time: 00:08:30

Health: -9/35      AC: 10    Str: 13    XL:     4   Next: 92%
Magic:  4/4        EV: 11    Int: 12    God:
Gold:   138        SH:  5    Dex: 15    Spells: 3/3 levels left

rFire   . . .      SeeInvis .    g - +2 war axe (flame)
rCold   . . .      Faith    .    (no shield)
rNeg    . . .      Spirit   .    b - +3 leather armour
rPois   .          Reflect  +    (no helmet)
rElec   .          Harm     .    k - +0 cloak
rCorr   .          Rampage  .    (no gloves)
Will    .....                    a - +0 pair of boots
Stlth   ++........               l - amulet of reflection
HPRegen 0.25/turn                (no ring)
MPRegen 0.09/turn                (no ring)

@: no status effects
A: claws 1, yellow scales 1
a: no special abilities


You were on level 4 of the Dungeon.
You visited 1 branch of the dungeon, and saw 4 of its levels.

You collected 138 gold pieces.

Inventory:

Hand Weapons
 d - a +2 short sword of draining
 f - a +2 short sword of speed
 g - a +2 war axe of flaming (weapon)
 h - a +0 long sword
 q - a +0 war axe
Missiles
 j - 16 poisoned darts (quivered)
Armour
 a - a +0 pair of boots (worn)
 b - a +3 leather armour (worn)
 i - a +0 chain mail
 k - a +0 cloak (worn)
 n - an orb of wrath
 r - a +0 ring mail
 u - a +1 pair of gloves
Jewellery
 l - an amulet of reflection (around neck)
Scrolls
 c - a scroll of silence
 o - 2 scrolls of butterflies
Potions
 e - a potion of brilliance
 p - a potion of attraction


   Skills:
 * Level 3.2 Fighting
 - Level 1.1(1.7) Short Blades
 - Level 1.9(2.1) Long Blades
 - Level 2.0 Throwing
 - Level 1.7 Armour
 - Level 1.7 Dodging
 + Level 1.9 Stealth
 - Level 2.0 Unarmed Combat


You had 3 spell levels left.
You didn't know any spells.
Your spell library contained the following spells:

 Spells                   Type           Power      Damage    Failure   Level
 Magic Dart               Conj           0%         1d3       38%         1
 Necrotise                Necr           0%         1d4       38%         1
 Searing Ray              Conj           0%         2d4       54%         2
 Frozen Ramparts          Ice            0%         1d1       77%         3
 Vampiric Draining        Necr           0%         2d6       77%         3
 Fulminant Prism          Conj/Hex       0%         3d6       99%         4
 Ice Form                 Ice/Tmut       0%         N/A       99%         4
 Summon Ice Beast         Ice/Summ       0%         N/A       99%         4
 Agony                    Necr           0%         N/A       100%        5


Dungeon Overview and Level Annotations

Branches:
Dungeon (4/15)
 Temple: D:4-7

Altars:
Hepliaklqana
Vehumet
Yredelemnul

Shops:
D:1 (

Annotations:
D:4 Menkaure


Innate Abilities, Weirdness & Mutations

You have sharp fingernails.
You are partially covered in yellow scales. (AC +2)


Message History

The adder closely misses you. You block the adder's attack.
You hit the adder. You burn the adder.
The adder is almost dead.
The adder bites you but does no damage. The adder closely misses you.
You closely miss the adder.
The adder is almost dead.
The adder bites you but does no damage. The adder barely misses you.
You miss the adder. You claw the adder.
You kill the adder!
j - 16 poisoned darts (gained 2)
You open the door.
There is an open door here.
There is an open door here.
You open the door.
There is an open door here.
You open the door.
There is an open door here.
Menkaure, Prince of Dust comes into view.
Menkaure calls on the powers of darkness!
Your body is wracked with pain!
A goblin comes into view. It is wielding a +2 dagger of speed.
Found a scroll labelled VIBY AMUSIPUOPP.
You block Menkaure's attack.
The goblin shouts!
You hit Menkaure but do no damage.
Menkaure gestures wildly while chanting.
Menkaure seems to speed up.
You closely miss Menkaure. Menkaure hits you!
* * * LOW HITPOINT WARNING * * *
You block Menkaure's attack.
You hit Menkaure but do no damage. You block Menkaure's attack.
Menkaure closely misses you.
Okay, then.
You slash Menkaure! You burn Menkaure. You claw Menkaure.
Menkaure is heavily damaged.
You barely miss the goblin.
Menkaure grins.
Menkaure points at you and mumbles some strange words.
Pain shoots through your body!
You die...

.#.......#.....#.............'...
.# #.....'............###'# .#
#.....#............#.... .#
#.....#............#.... .+
#.....#######.##...#.... .#
#...........########.... .#
#...........# #.... ..
..............# ##### ...
.........@....# ...
.........Mg...# ....
..............# ..............#
##...........# #.............
#.............. #..........?...


You could see Menkaure (fast) and a goblin.

Vanquished Creatures
  A jelly (D:4)
  An orc priest (D:3)
  An adder (D:4)
  2 worms (D:2)
  A dart slug (D:2)
  3 orcs (D:3)
  4 ball pythons
  4 endoplasms
  2 giant cockroaches
  3 goblins
  6 hobgoblins
  10 kobolds
  4 quokkas
  4 bats
  A frilled lizard (D:3)
  4 rats
51 creatures vanquished.

Vanquished Creatures (others)
  4 toadstools (D:1)
4 creatures vanquished.

Grand Total: 55 creatures vanquished

Notes
Turn   | Place    | Note
-------+----------+-------------------------------------------
     0 | D:1      | IdlyInterested the Demonspawn Wanderer began the quest for
                  | the Orb.
     0 | D:1      | IdlyInterested set off with the following items: a +0
                  | falchion, a +2 leather armour, a scroll of silence, a
                  | potion of curing.
     0 | D:1      | Reached XP level 1. HP: 13/13 MP: 1/1
   105 | D:1      | Reached skill level 1 in Fighting
   168 | D:1      | Gained mutation: You have sharp fingernails. [demonic
                  | ancestry]
   168 | D:1      | Reached XP level 2. HP: 16/17 MP: 2/2
   299 | D:1      | Found Qumeg's Weapon Emporium.
  1101 | D:2      | Reached XP level 3. HP: 26/26 MP: 3/3
  1134 | D:2      | Reached skill level 1 in Unarmed Combat
  1511 | D:3      | Reached skill level 2 in Fighting
  1511 | D:3      | Reached skill level 1 in Short Blades
  1511 | D:3      | Gained mutation: You are partially covered in yellow
                  | scales. (AC +2) [demonic ancestry]
  1511 | D:3      | Reached XP level 4. HP: 23/33 MP: 4/4
  1651 | D:3      | Found a radiant altar of Vehumet.
  1728 | D:3      | Found a basalt altar of Yredelemnul.
  2233 | D:4      | Found a hazy altar of Hepliaklqana.
  2314 | D:4      | Reached skill level 3 in Fighting
  2547 | D:4      | Noticed Menkaure
  2555 | D:4      | Killed from afar by Menkaure

Illustrated notes

Levels and vault maps discovered:
D:1:      ldierk_water_garden, layout_loops_cross, serial_shops,
          nicolae_shop_bloodbath_and_beyond
D:2:      layout_loops_cross
D:3:      layout_basic, mainiacjoe_overflow_brackets, old_standard_altar
D:4:      layout_gridville, amcnicky_altar_gilded, minmay_manual_monolith,
          uniq_menkaure

Skill      XL: |  1  2  3  4 |
---------------+-------------+-----
Fighting       | 1 2 3 |  3.2
Throwing       | 2 |  2.0
Unarmed Combat | 1 2 |  2.0
Short Blades   | 1 |  1.1
Long Blades    | |  1.9
Armour         | |  1.7
Dodging        | |  1.7
Stealth        | |  1.9

Action                   |  1- 3 |  4- 6 || total
-------------------------+-------+-------++-------
Melee: Falchion          |    22 |       ||    22
       Short sword       |    51 |     3 ||    54
       War axe           |       |    73 ||    73
       Punch             |       |     3 ||     3
  Use: Potion            |     3 |     1 ||     4
       Scroll            |     5 |     3 ||     8
 Stab: Sleeping          |     2 |     2 ||     4
Armor: Leather armour    |    21 |    23 ||    44
       Chain mail        |       |    23 ||    23
Dodge: Dodged            |    28 |    30 ||    58
Block: Other             |     3 |    16 ||    19

Table legend: (Time is in decaauts)
 A = Elapsed time spent in this place.
 B = Non-inter-level travel time spent in this place.
 C = Inter-level travel time spent in this place.
 D = Time resting spent in this place.
 E = Time spent auto-exploring this place.
 F = Levels seen in this place.
 G = Mean time per level.
                   A        B        C        D        E       F      G
               +--------+--------+--------+--------+--------+-----+--------+
         Total |   2610 |   2282 |    328 |     61 |   1509 |   4 |  652.5 |
       Dungeon |   2610 |   2282 |    328 |     61 |   1509 |   4 |  652.5 |
               +--------+--------+--------+--------+--------+-----+--------+

Top non-repeatable levels by time:
     D:1: 788 daAuts
     D:3: 729 daAuts
     D:2: 709 daAuts
     D:4: 383 daAuts
